 Dungeon Crawl Stone Soup version 0.25.0-15-gac7dcb8919 (webtiles) character file.

Game seed: 11096920047303104992

1672 MaCx the Skirmisher (level 8, -3/71 HPs)
             Began as a Red Draconian Earth Elementalist on June 28, 2020.
             Was an Initiate of Vehumet.
             Killed from afar by an orc wizard (5 damage)
             ... with a puff of frost
             ... on level 7 of the Dungeon on June 29, 2020.
             The game lasted 00:32:34 (8888 turns).

MaCx the Skirmisher (DrEE)                          Turns: 8888, Time: 00:32:35

Health: -3/71      AC:  8    Str: 11    XL:     8   Next: 70%
Magic:  2/15       EV: 12    Int: 24    God:    Vehumet [......]
Gold:   281        SH:  0    Dex:  9    Spells: 8/17 levels left

rFire    + + +     SeeInvis .   a - +0 whip (elec)
rCold    . . .     Gourm    .   (no shield)
rNeg     . . .     Faith    .   (armour unavailable)
rPois    .         Spirit   .   (helmet restricted)
rElec    .         Reflect  .   (no cloak)
rCorr    .         Harm     .   t - +0 pair of gloves
MR       .....                  d - +0 pair of boots
Stlth    +.........             i - amulet of regeneration (curse)
HPRegen  0.61/turn              l - ring of protection from fire
MPRegen  0.14/turn              j - ring "Oblenu" {rF+ Int+6 Dex-2 Stlth-}

@: mesmerised
A: breathe fire, unfitting armour, fire resistance 1, cold-blooded, AC +6
a: Breathe Fire, Renounce Religion


You were on level 7 of the Dungeon.
You worshipped Vehumet.
Vehumet was noncommittal.
You were not hungry.

You visited 2 branches of the dungeon, and saw 8 of its levels.

You collected 371 gold pieces.
You spent 90 gold pieces at shops.

Inventory:

Hand Weapons
 a - a +0 whip of electrocution (weapon)
 A - a +1 dagger
Missiles
 n - 89 stones (quivered)
 q - 3 poisoned darts
 B - 2 throwing nets
Armour
 d - a +0 pair of boots (worn)
 t - a +0 pair of gloves (worn)
Magical Staves
 b - an uncursed staff of wizardry
Jewellery
 i - a cursed amulet of regeneration (around neck)
 j - the ring "Oblenu" (right hand) {rF+ Int+6 Dex-2 Stlth-}
   (You bought it in a shop on level 4 of the Dungeon)

   [ring of attention]

   It affects your intelligence (+6).
   It affects your dexterity (-2).
   It protects you from fire.
   It makes you less stealthy.
 l - a ring of protection from fire (left hand)
Scrolls
 f - 5 scrolls of remove curse
 g - 3 scrolls of identify
 w - a scroll of fear
 y - a scroll of enchant weapon
Potions
 e - a potion of resistance {unknown}
 h - a potion of might {unknown}
 k - a potion of haste
 m - 2 potions of stabbing
 o - a potion of brilliance {unknown}
 p - a potion of flight {unknown}
 s - 2 potions of mutation {unknown}
 u - 3 potions of curing
 v - a potion of invisibility {unknown}
Comestibles
 c - 13 rations
 r - 2 chunks of flesh


   Skills:
 + Level 6.8 Fighting
 - Level 1.7 Dodging
 - Level 1.7 Stealth
 + Level 5.1 Spellcasting
 + Level 5.2 Conjurations
   Level 1.0 Transmutations
 - Level 6.0 Earth Magic


You had 8 spell levels left.
You knew the following spells:

 Your Spells              Type           Power        Failure   Level  Hunger
a - Sandblast             Erth           ####..       1%          1    None
b - Lee's Rapid Deconstr  Erth           ####......   21%         5    #####..
c - Stone Arrow           Conj/Erth      ####..       2%          3    ##.....

Your spell library contained the following spells:

 Spells                   Type           Power        Failure   Level  Hunger
 Passwall                 Tmut/Erth      ###.....     3%          2    None
 Petrify                  Tmut/Erth      ###.....     21%         4    ####...


Dungeon Overview and Level Annotations

Branches:
Dungeon (7/15)             Temple (1/1) D:5

Altars:
Ashenzari
Cheibriados
Dithmenos
Elyvilon
Fedhas
Gozag
Hepliaklqana
Kikubaaqudgha
Makhleb
Nemelex Xobeh
Okawaru
Qazlal
Ru
Sif Muna
Trog
Uskayaw
Vehumet
Wu Jian
Xom
Yredelemnul
Zin
The Shining One

Shops:
D:4 *

Annotations:
D:7 Maggie


Innate Abilities, Weirdness & Mutations

You can breathe blasts of fire.
Your fiery red scales are hard. (AC +6)
You cannot fit into any form of body armour.
Your flesh is heat resistant. (rF+)
You are cold-blooded and may be slowed by cold attacks.


Message History

Maggie is moderately wounded.
The orc priest misses you. Something hits you but does no damage.
The orc hits you but does no damage. The orc closely misses you.
Maggie mumbles some strange words.
Maggie draws you further into her thrall.
You hit Maggie but do no damage.
Your tail-slap misses Maggie.
Maggie is moderately wounded.
The orc priest hits you but does no damage.
You hear some strange, mumbled words.
The orc closely misses you. The orc hits you with a +0 mace.
* * * LOW HITPOINT WARNING * * *
Maggie hits you with a +2 war axe of flaming.
* * * LOW HITPOINT WARNING * * *
Unknown command.
You barely miss Maggie.
Maggie is moderately wounded.
You hear some strange, mumbled words.
A puff of frost appears from out of thin air!
The puff of frost hits you.
You die...

######.>..##...
...............
..............
#.....#(.....
#............
####............
#..............#
..##....oo......
.......)@{h.....
###.####@o......
#o.#.##..
#..##.# # #... #
#...# #....
#..........
......
..........
...###
#.........


You could see Maggie (mesmerising), a hound, an orc priest and 3 orcs.

Vanquished Creatures
  Grinder (D:3)
  2 ice beasts
  A black bear (D:6)
  3 ogres
  A centaur (D:5)
  2 bullfrogs
  A scorpion (D:5)
  A howler monkey (D:5)
  2 crimson imps (D:6)
  2 orc priests
  4 orc wizards
  A centaur skeleton (D:7)
  Natasha (thrice) (D:2)
  3 worker ants
  A worker ant zombie (D:6)
  8 adders
  8 gnolls
  An ooze (D:5)
  2 adder skeletons
  An adder zombie (D:5)
  2 worms
  2 dart slugs
  4 leopard geckos
  24 orcs
  3 ball pythons
  4 giant cockroaches
  4 goblins
  4 hobgoblins (D:3)
  7 bats
  4 frilled lizards
  10 kobolds
  A leopard gecko skeleton (D:4)
  A leopard gecko zombie (D:5)
  2 rats (D:1)
120 creatures vanquished.

Vanquished Creatures (others)
  An orc wizard (D:6)
1 creature vanquished.

Grand Total: 121 creatures vanquished

Notes
Turn   | Place    | Note
-------+----------+-------------------------------------------
     0 | D:1      | MaCx the Draconian Earth Elementalist began the quest for
                  | the Orb.
     0 | D:1      | Reached XP level 1. HP: 14/14 MP: 3/3
   446 | D:1      | Reached XP level 2. HP: 20/20 MP: 3/5
  1077 | D:1      | Reached XP level 3. HP: 26/26 MP: 7/7
  1594 | D:2      | Noticed Natasha
  1602 | D:2      | Killed Natasha
  1602 | D:2      | Reached XP level 4. HP: 20/33 MP: 2/8
  2121 | D:2      | Noticed Natasha
  2131 | D:2      | Killed Natasha
  2426 | D:2      | Noticed Natasha
  2430 | D:2      | Killed Natasha
  2953 | D:3      | Reached XP level 5. HP: 27/38 MP: 10/10
  3174 | D:3      | Reached skill level 1 in Fighting
  3473 | D:3      | Noticed Grinder
  3521 | D:3      | Paralysed by Grinder for 6 turns
  3533 | D:3      | Paralysed by Grinder for 5 turns
  3543 | D:3      | Killed Grinder
  3543 | D:3      | Reached XP level 6. HP: 18/53 MP: 0/11
  4217 | D:4      | Found Pirphugre's Assorted Antiques.
  4238 | D:4      | Bought a brightly glowing amber ring for 90 gold pieces
  4238 | D:4      | Identified the ring "Oblenu" {rF+ Int+6 Dex-2 Stlth-} (You
                  | bought it in a shop on level 4 of the Dungeon)
  4257 | D:4      | Reached skill level 5 in Fighting
  4265 | D:4      | Learned a level 5 spell: Lee's Rapid Deconstruction
  4269 | D:4      | Learned a level 3 spell: Stone Arrow
  4443 | D:4      | Reached skill level 1 in Conjurations
  4584 | D:4      | Your scales start taking on a fiery red colour.
  4584 | D:4      | Reached XP level 7. HP: 56/61 MP: 7/12
  4584 | D:4      | Gained mutation: Your flesh is heat resistant. (rF+) [Red
                  | Draconian growth]
  4719 | D:4      | Found a blossoming altar of Fedhas.
  5243 | D:5      | Entered Level 5 of the Dungeon
  5317 | D:5      | Reached skill level 5 in Earth Magic
  5497 | D:5      | Got a faintly humming robe
  6079 | D:5      | Reached XP level 8. HP: 70/70 MP: 7/14
  7009 | D:5      | Found a staircase to the Ecumenical Temple.
  7016 | Temple   | Entered the Ecumenical Temple
  7319 | Temple   | Became a worshipper of Vehumet
  8145 | D:6      | Reached skill level 5 in Spellcasting
  8398 | D:6      | Reached skill level 5 in Conjurations
  8870 | D:7      | Noticed Maggie
  8887 | D:7      | HP: 1/71 [Maggie/+2 war axe of flaming (4)]
  8888 | D:7      | Killed from afar by an orc wizard

Illustrated notes

Levels and vault maps discovered:
D:1:      elethiomel_arrival_fortress_basement, layout_basic
D:2:      layout_basic, uniq_natasha
D:3:      layout_rooms, uniq_grinder
D:4:      layout_loops_cross, fedhas_altar_1, serial_shops,
          nicolae_shop_overgrown_old_shop, minmay_checkerbox
D:5:      layout_loops_corners, minmay_temple_entry_nine_rooms, first_ration,
          grunt_decor_cap, nzn_random_ring
D:6:      layout_loops_corners
D:7:      layout_rooms, nicolae_ossuary_entry_monument, the_bakery, uniq_harold,
          uniq_maggie
Temple:   regret_index_temple_sigil_plot

Skill      XL: |  1  2  3  4  5  6  7  8 |
---------------+-------------------------+-----
Spellcasting   | 3 4 5 |  5.1
Earth Magic    | 4 5 6 |  6.0
Fighting       | 4 5 6 |  6.8
Conjurations   | 1 3 5 |  5.2
Dodging        | |  1.7
Stealth        | |  1.7
Transmutations | |  1.0

Action                   |  1- 3 |  4- 6 |  7- 9 || total
-------------------------+-------+-------+-------++-------
Melee: Unarmed           |    53 |       |       ||    53
       Dagger            |    26 |   164 |       ||   190
       Tailslap          |     3 |    12 |    10 ||    25
       Staff             |       |     8 |   134 ||   142
       Whip              |       |       |    16 ||    16
Throw: Stone             |     1 |     1 |       ||     2
 Cast: Sandblast         |    24 |    44 |     4 ||    72
       Stone Arrow       |       |     3 |    76 ||    79
 Abil: Breathe Fire      |       |       |     5 ||     5
  Use: Scroll            |       |     6 |     2 ||     8
 Stab: Sleeping          |       |     3 |       ||     3
  Eat: Chunk             |     2 |     7 |    11 ||    20
       Ration            |       |     1 |     2 ||     3
Armor: Skin              |    22 |    89 |    61 ||   172
Dodge: Dodged            |    45 |   144 |   108 ||   297
